 Dungeon Crawl Stone Soup version 0.31-a0-177-g4aa6249778 (webtiles) character file.

Game seed: 15743860254903891899

67 Moral the Shooter (level 4, -1/30 HPs)
             Began as an Octopode Hunter on June 19, 2023.
             Killed from afar by an orc wizard (9 damage)
             ... with a puff of flame
             ... on level 3 of the Dungeon.
             The game lasted 00:02:33 (1290 turns).

Moral the Shooter (Octopode Hunter)                 Turns: 1290, Time: 00:02:34

Health: -1/30      AC:  1    Str: 10    XL:     4   Next: 18%
Magic:  4/4        EV: 14    Int: 11    God:
Gold:   96         SH:  0    Dex: 17    Spells: 3/3 levels left

rFire   . . .        a - +0 shortbow
rCold   . . .        (shield currently unavailable)
rNeg    . . .        (helmet restricted)
rPois   .            (no amulet)
rElec   .            (no ring)
rCorr   .            (no ring)
SInv    .            (no ring)
Will    .....        (no ring)
Stlth   ++           (no ring)
HPRegen 0.25/turn    (no ring)
MPRegen 0.09/turn    (no ring)
                     (no ring)

%: no passive effects
@: confused
A: almost no armour, amphibious, 8 rings, camouflage 1, gelatinous body 1,
(nimble swimmer 1), tentacles
a: no special abilities


You were on level 3 of the Dungeon.
You visited 1 branch of the dungeon, and saw 3 of its levels.

You collected 96 gold pieces.

Inventory:

Hand Weapons
 a - a +0 shortbow (weapon)
Jewellery
 o - a ring of positive energy
Scrolls
 f - a scroll of teleportation
 h - a scroll of silence
 j - a scroll of immolation {unknown}
 k - a scroll of enchant weapon {unknown}
 m - a scroll of blinking {unknown}
 n - a scroll of brand weapon {unknown}
Potions
 c - a potion of lignification {unknown}
 d - a potion of degeneration {unknown}
 i - a potion of attraction {unknown}
 l - a potion of curing {unknown}


   Skills:
 * Level 2.9 Fighting
 + Level 4.2 Ranged Weapons
 + Level 2.4 Dodging
 * Level 3.4 Stealth


You had 3 spell levels left.
You didn't know any spells.
Your spell library was empty.

Dungeon Overview and Level Annotations

Branches:
Dungeon (3/15)

Altars:
Kikubaaqudgha
Nemelex Xobeh
Uskayaw


Innate Abilities, Weirdness & Mutations

You cannot wear most types of armour.
You are amphibious.
You can wear up to eight rings at the same time.
Your skin changes colour to match your surroundings (Stealth+).
Your rubbery body absorbs attacks. (AC +1, EV +1)
((You are camouflaged when in or above water. (Stealth+)))
You have tentacles for arms and can constrict up to eight enemies at once.


Message History

An orc comes into view. It is wielding a +0 mace.
You shoot an arrow. The orc shouts!
The arrow hits the orc wizard!
The orc wizard is heavily wounded.
The orc wizard mumbles some strange words.
The orc wizard flickers and vanishes!
You shoot an arrow. The arrow hits the orc!
You kill the orc!
A puff of flame appears from out of thin air!
The puff of flame hits you!
No target in view!
No target in view!
Fire: a) +0 shortbow
Press: ? - help, Q - select action Shift-Dir - straight line You shoot an arrow.
Fire: a) +0 shortbow
Press: ? - help, Q - select action Shift-Dir - straight line You shoot an arrow.
Fire: a) +0 shortbow
Press: ? - help, Q - select action Shift-Dir - straight line You shoot an arrow.
You shoot an arrow.
You hear some strange, mumbled words.
A puff of flame appears from out of thin air!
The puff of flame misses you. Something hits you.
You shoot an arrow.
You hear some strange, mumbled words.
A puff of flame appears from out of thin air!
The puff of flame hits you!
* * * LOW HITPOINT WARNING * * *
You shoot an arrow.
You hear some strange, mumbled words.
You are confused.
You are too confused!
You are too confused!
You hear some strange, mumbled words.
A puff of flame appears from out of thin air!
The puff of flame hits you!
You die...

### #.......# #o#.###.##. ..##
#####.### #.......##. ...####
#.# ###o....... #..##.## #.#
##.###### #..#.#.## #.### #.#
#...###.## ##...## #.# #..##
##.# ##.....## ##'## #...###.##
##.......###...## ...#.#..#
#..@......#(....## #..##.#.#
#..{...).........##
#...#.#.######.....)...........#
...........†..†................+
#...#.#.#####.#......#.........#
#..##.#.# #.##....###.......##
#.......# #.####### ##.....##
#####.### #.# ##...## #.# #.#
##o##


There were no monsters in sight!

Vanquished Creatures
  4 adders
  2 worms
  3 orcs (D:3)
  2 bats (D:1)
  2 endoplasms (D:3)
  A giant cockroach (D:2)
  3 goblins (D:2)
  2 hobgoblins (D:2)
  2 jackals (D:2)
  A ball python (D:3)
  A rat (D:2)
23 creatures vanquished.

Notes
Turn   | Place    | Note
-------+----------+-------------------------------------------
     0 | D:1      | Moral the Octopode Hunter began the quest for the Orb.
     0 | D:1      | Reached XP level 1. HP: 14/14 MP: 1/1
   100 | D:1      | You fall into a shaft and drop 1 floor!
   122 | D:2      | Reached XP level 2. HP: 19/19 MP: 2/2
   385 | D:2      | Reached XP level 3. HP: 13/25 MP: 3/3
   820 | D:3      | Found a hide-covered altar of Uskayaw.
   821 | D:3      | Found a sparkling altar of Nemelex Xobeh.
   822 | D:3      | Found an ancient bone altar of Kikubaaqudgha.
  1273 | D:3      | Reached XP level 4. HP: 30/30 MP: 4/4
  1290 | D:3      | Killed from afar by an orc wizard

Illustrated notes

Levels and vault maps discovered:
D:1:      dpeg_arrival_windows_large_door, layout_basic, lexackson_kobold_supper
D:2:      layout_loops_ring
D:3:      layout_loops_corners, grunt_temple_overflow_open, minmay_surrounded

Skill      XL: |  1  2  3 |
---------------+----------+-----
Stealth        | 2 3 |  3.4
Fighting       | |  2.9
Ranged Weapons | |  4.2
Dodging        | |  2.4

Action                     |  1- 3 |  4- 6 || total
---------------------------+-------+-------++-------
   Fire: Shortbow          |    67 |    12 ||    79
    Use: Scroll            |     4 |       ||     4
 Armour: Skin              |     5 |       ||     5
  Dodge: Dodged            |    37 |     1 ||    38

Table legend: (Time is in decaauts)
 A = Elapsed time spent in this place.
 B = Non-inter-level travel time spent in this place.
 C = Inter-level travel time spent in this place.
 D = Time resting spent in this place.
 E = Time spent auto-exploring this place.
 F = Levels seen in this place.
 G = Mean time per level.
                   A        B        C        D        E       F      G
               +--------+--------+--------+--------+--------+-----+--------+
         Total |   1304 |   1289 |     15 |     61 |    980 |   3 |  434.7 |
       Dungeon |   1304 |   1289 |     15 |     61 |    980 |   3 |  434.7 |
               +--------+--------+--------+--------+--------+-----+--------+

Top non-repeatable levels by time:
     D:2: 708 daAuts
     D:3: 496 daAuts
     D:1: 100 daAuts
